AoeStats
← ivcrk826

Four Lakes

508217779Analyzed
1v1 RM · 10d ago on Sep 21, 2026· 41m 52s· 2 players
Game mode
Random Map
Map size
Tiny (2 player)
Population
200
Speed
Normal
Resources
Standard
Victory
Conquest
Starting age
Dark Age
Ending age
Imperial Age
RankedLock teamsTeams togetherTeam positionsShared explorationLock speedFull tech treeHidden civsTurbo modeCheats
Victory
Defeat
🇩🇪 Armenians · Germany
1127
+16
🇦🇷 Mapuche · Argentina
1131
-16
Newcramer
7:58 Loom
10:54 Feudal Age
18:16 Castle Age
16:56 Double-Bit Axe
17:07 Gold Mining
18:01 Fletching
18:59 Scale Mail Armor
19:03 Town Watch
19:34 Stone Mining
21:24 Bow Saw
27:53 Bodkin Arrow
32:53 Imperial Age
30:58 Sanctity
31:43 Fervor
32:06 Ballistics
31:52 Fishing Lines
34:15 Gold Shaft Mining
33:43 Bracer
34:14 Block Printing
34:25 Illumination
33:23 Capped Ram
35:14 Chemistry
36:19 Town Patrol
37:31 Conscription
37:28 Gillnets
38:31 Masonry
40:00 Wheelbarrow
39:30 Elite Composite Bowman
40:16 Padded Archer Armor
41:46 Hand Cart
ivcrk826
6:36 Loom
9:39 Feudal Age
11:35 Double-Bit Axe
11:30 Champi Runner
25:08 Castle Age
25:27 Fletching
25:11 Crossbowman
26:52 Bodkin Arrow
35:14 Imperial Age
34:19 Ballistics
37:34 Chemistry
38:07 Pikeman
Connection lost

Rejoining the realm…

Still unreachable

The connection could not be restored.

Session expired

The server has moved on; the page needs a fresh start.